Map: Alcyone LE

Players

gultek

  • Race: Terran Terran
  • League: Platinum
  • Spawn Location: 1:00

LongShlong - Winner!

  • Race: Terran Terran
  • League: Platinum
  • Spawn Location: 7:00

VOD

Have the link to the VOD?

Description

Time

  • Played on: Sept. 30, 2024, 2:52 p.m.
  • Length: 16:02
Show
View Real Time Build Order
Export as new Build Order

gultek Terran 

Build Orders: Cyclone Opening 

Get SALT Encoding   

  12  0:00  SCV  
  13  0:13  SCV  
  14  0:19  Supply Depot  
  14  0:27  SCV  
  15  0:31  Refinery  
  15  0:51  Barracks, SCV  
  16  1:09  Refinery  
  15  1:14  SCV  
  16  1:32  SCV  
  17  1:41  Factory  
  17  1:47  Orbital Command  
  17  1:49  Supply Depot  
  17  1:50  Barracks Reactor  
  17  2:16  SCV  
  18  2:37  Cyclone  
  18  2:38  Cyclone  
  18  2:40  Reaper  
  18  2:42  SCV  
  24  2:50  Starport  
  24  3:11  Cyclone x2  
  28  3:19  Barracks Tech Lab  
  28  3:21  SCV  
  29  3:27  Supply Depot  
  29  3:34  Medivac  
  31  3:48  Marine  
  31  4:11  Starport Tech Lab  
  31  4:13  Hellion x2  
  31  4:15  Command Center  
  35  4:31  Raven  
  37  4:32  Marine  
  36  4:54  Hellion  
  38  5:02  Marine  
  38  5:03  Stimpack  
  38  5:04  Barracks  
  39  5:09  Hellion  
  35  5:46  Raven  
  36  6:11  Barracks Reactor  
  36  6:17  SCV  
  37  6:22  Refinery  
  37  6:27  Banshee  
  37  6:28  Marine  
  37  6:29  SCV  
  42  6:41  SCV  
  43  6:53  SCV  
  44  7:16  Marine  
  45  7:35  Orbital Command  
  41  8:25  Starport Tech Lab  
  39  8:27  Hellion x2  
  39  8:31  SCV  
  44  8:36  SCV  
  44  8:37  Engineering Bay, Refinery  
  44  8:40  Marine  
  46  8:47  Supply Depot  
  46  9:08  Marine x2  
  46  9:09  SCV  
  49  9:15  Missile Turret  
  49  9:18  Missile Turret  
  49  9:20  Missile Turret  
  49  9:21  Hellion, SCV, Missile Turret  
  49  9:22  Hellion  
  54  9:26  Marine  
  52  9:32  Supply Depot  
  52  9:33  SCV  
  52  9:34  Cloaking Field  
  53  9:44  Marine  
  54  9:49  Bunker  
  54  9:50  Missile Turret  
  54  9:53  SCV, Banshee  
  58  10:02  Marine  
  58  10:05  Barracks, SCV  
  60  10:07  Factory Tech Lab  
  60  10:20  Marine  
  57  10:36  Banshee  
  57  10:37  Marine  
  57  10:46  Missile Turret  
  57  10:50  SCV  
  57  10:52  Command Center  
  57  10:55  Marine, Siege Tank  
  62  10:57  Hi-Sec Auto Tracking  
  62  11:07  Missile Turret  
  62  11:10  SCV  
  60  11:22  SCV, Missile Turret  
  61  11:35  SCV  
  62  11:59  Missile Turret  
  62  12:01  Barracks  
  62  12:03  SCV  
  62  12:07  Starport Reactor  
  63  12:18  Marine  
  64  12:36  Marine  
  55  12:49  Medivac x2  
  59  12:52  Missile Turret  
  59  12:54  Marine, Missile Turret  
  60  13:05  SCV  
  61  13:06  SCV  
  61  13:10  Marine, Missile Turret  
  61  13:11  Marine x2  
  61  13:12  Marine, Combat Shield  
  66  13:17  SCV  
  52  13:29  Marine, SCV  
  52  13:30  Marine  
  52  13:31  Missile Turret  
  55  13:47  Marine  
  56  13:48  Missile Turret  
  56  13:49  SCV, Missile Turret  
  57  14:01  SCV  
  56  14:05  Marine  
  47  14:23  Marine  
  42  14:37  Viking x2  
  45  14:41  Marine  
  46  14:59  Marine  
  47  15:15  Missile Turret, Supply Depot  
  47  15:16  Missile Turret  
  47  15:21  Missile Turret  
  47  15:23  Missile Turret  
  47  15:27  Marine  
  47  15:30  Viking  
  47  15:31  Viking  
Show
View Real Time Build Order
Export as new Build Order

LongShlong Terran - Winner!

Build Orders:  

Get SALT Encoding   

  12  0:00  SCV  
  13  0:12  SCV  
  14  0:17  Supply Depot  
  14  0:25  SCV  
  14  0:27  Refinery  
  15  0:39  SCV  
  16  0:45  Barracks  
  16  0:56  SCV  
  16  1:08  SCV  
  17  1:19  Refinery  
  17  1:20  SCV  
  18  1:32  SCV  
  19  1:35  Barracks Tech Lab  
  19  1:41  Supply Depot, Ghost Academy  
  19  1:47  Orbital Command  
  19  2:06  Supply Depot  
  19  2:14  Factory  
  19  2:27  Personal Cloaking  
  19  2:53  Ghost  
  21  3:04  SCV  
  21  3:05  Command Center  
  22  3:22  Ghost, SCV  
  25  3:53  Nuke  
  25  4:01  Ghost  
  27  4:18  Starport  
  27  4:20  Unknown  
  27  4:39  Supply Depot  
  27  4:40  Supply Depot  
  25  4:53  Supply Depot  
  25  5:06  Medivac  
  27  5:07  Ghost  
  21  5:36  Ghost  
  21  5:42  SCV  
  24  5:54  SCV  
  23  6:00  SCV  
  24  6:04  Ghost  
  24  6:06  SCV  
  25  6:12  SCV  
  26  6:19  SCV  
  26  6:24  SCV  
  28  6:29  Nuke  
  28  6:31  SCV  
  29  6:33  Ghost  
  29  6:36  SCV  
  32  6:43  SCV  
  32  6:48  SCV  
  28  6:55  SCV  
  28  7:01  SCV  
  30  7:07  SCV  
  28  7:13  SCV  
  29  7:19  SCV  
  30  7:28  SCV  
  31  7:40  SCV  
  31  7:41  SCV  
  33  7:47  Starport  
  33  7:49  Starport  
  33  7:52  SCV  
  33  7:53  SCV  
  33  8:05  SCV  
  34  8:06  SCV  
  35  8:17  SCV  
  35  8:18  SCV  
  34  8:26  Command Center  
  34  8:29  Starport Tech Lab x2  
  34  8:30  SCV  
  34  8:31  Starport Tech Lab  
  34  8:33  SCV  
  36  8:42  SCV  
  36  8:45  SCV  
  36  8:48  Ghost  
  38  8:54  SCV  
  41  8:57  SCV  
  39  9:06  SCV  
  39  9:09  SCV  
  38  9:14  Engineering Bay  
  34  9:18  SCV  
  34  9:21  SCV  
  35  9:28  Ghost  
  35  9:30  SCV  
  38  9:33  Raven  
  38  9:34  Raven x2  
  38  9:36  SCV  
  45  9:42  Unknown  
  45  9:48  SCV  
  45  9:49  Missile Turret  
  45  9:50  Missile Turret  
  46  9:53  SCV  
  46  9:57  Ghost  
  46  9:59  Nuke  
  49  10:01  SCV  
  49  10:05  SCV  
  49  10:14  SCV  
  50  10:17  SCV  
  51  10:25  Ghost  
  51  10:26  SCV  
  54  10:29  SCV  
  55  10:38  SCV  
  55  10:41  SCV  
  57  10:46  Raven x3  
  63  10:50  SCV  
  64  11:15  SCV x2  
  64  11:16  SCV  
  67  11:20  Raven  
  67  11:21  Raven x2  
  73  11:27  SCV  
  73  11:28  SCV x2  
  76  11:37  Ghost  
  76  11:39  SCV  
  79  11:40  SCV  
  79  11:42  Command Center  
  80  11:54  Raven  
  80  11:55  Raven  
  84  12:02  Supply Depot  
  84  12:04  Supply Depot  
  84  12:06  Supply Depot  
  84  12:07  Supply Depot  
  84  12:08  Raven  
  84  12:23  Ghost  
  84  12:28  Raven  
  84  12:29  Raven  
  87  12:42  Raven  
  89  12:54  Missile Turret  
  89  12:55  Missile Turret  
  89  12:56  Missile Turret  
  89  12:57  Missile Turret x2  
  89  12:58  Command Center  
  89  13:03  Raven x2  
  93  13:16  Raven  
  85  13:37  Raven x2  
  89  13:51  Raven  
  90  14:11  Raven  
  90  14:12  Raven  
  87  14:45  Raven  
  87  14:46  Raven  
  90  14:54  Planetary Fortress  
  82  15:10  Command Center  
  79  15:20  Raven x2  
Tags
 
Add a new tag
Caveats
  • Supply blocks, unpowered buildings, or Contaminate may cause inaccurate times.
  • Supply counts are checked every 10 seconds.